 Dungeon Sprint DCSS version 0.24-a0-536-gdd4cf15 (webtiles) character file.

Game seed: 14090616613601375415

29878 Faca the Executioner (level 13, 0/139 HPs)
             Began as a Hill Orc Fighter on Aug 13, 2019.
             Was the Champion of the Shining One.
             Slain by a nagaraja
             ... wielding a cursed -3 halberd
              (4 damage)
             ... in the Dungeon (Sprint IX: "|||||||||||||||||||||||||||||").
             The game lasted 00:13:55 (3460 turns).

Faca the Executioner (Hill Orc Fighter)             Turns: 3460, Time: 00:13:55

Health: 0/139      AC: 25    Str: 24    XL:     13   Next: 48%
Magic:  23/23      EV:  5    Int:  8    God:    the Shining One [******]
Gold:   1931       SH: 15    Dex: 16    Spells: 12/12 levels left

rFire    + . .     SeeInvis .   p - +9 broad axe (chop)
rCold    . . .     Gourm    .   c - +0 shield
rNeg     + + +     Faith    .   b - +3 plate armour {rF+}
rPois    .         Spirit   .   w - +1 helmet
rElec    .         Reflect  .   (no cloak)
rCorr    .         Harm     .   a - +0 pair of gloves
MR       .....     NoTele   +   (no boots)
Stlth    ..........             (no amulet)
HPRegen  0.33/turn              t - +3 ring of dexterity
MPRegen  0.18/turn              u - +3 ring of dexterity

@: lethally poisoned (0 -> -14), glowing, constricted
A: no striking features
a: Divine Shield, Cleansing Flame, Summon Divine Warrior, Brand Weapon With Holy
Wrath, Renounce Religion


You were in the Dungeon.
You worshipped the Shining One.
The Shining One was exalted by your worship.
You were not hungry.

You visited 1 branch You collected 1931 gold pieces.

Inventory:

Hand Weapons
 p - a +9 broad axe of chopping (weapon)
 v - a +2 broad axe of flaming
Missiles
 x - 3 javelins (quivered)
Armour
 a - a +0 pair of gloves (worn)
 b - a +3 plate armour of fire resistance (worn)
 c - a +0 shield (worn)
 w - a +1 helmet (worn)
Jewellery
 g - an uncursed ring of protection from cold
 t - a +3 ring of dexterity (left hand)
 u - a +3 ring of dexterity (right hand)
Wands
 o - a wand of acid (8)
Scrolls
 k - 3 scrolls of blinking
 m - 4 scrolls of remove curse
 n - 2 scrolls of amnesia
 q - a scroll of fear
 y - a scroll of fog
 z - 2 scrolls of enchant armour
Potions
 d - 2 potions of might
 e - 10 potions of curing
 h - a potion of haste
 i - 4 potions of magic
 j - a potion of berserk rage
 l - 3 potions of mutation
 r - a potion of resistance
Comestibles
 f - 11 rations


   Skills:
 - Level 20.1 Fighting
 + Level 22.0 Axes
 + Level 16.7 Armour
 + Level 16.7 Shields
 + Level 13.4 Invocations


You had 12 spell levels left.
You didn't know any spells.
Your spell library was empty.

Dungeon Overview and Level Annotations

Branches:
Dungeon (1/1)

Altars:
Cheibriados
Dithmenos
Elyvilon
Fedhas
Gozag
Hepliaklqana
Kikubaaqudgha
Makhleb
Nemelex Xobeh
Okawaru
Qazlal
Ru
Sif Muna
Trog
Uskayaw
Vehumet
Wu Jian
Xom
Yredelemnul
Zin
The Shining One
Beogh
Jiyva
Lugonu

Shops:
D !:!:


Message History

You feel much better. You block the nagaraja's attack.
* * * LOW HITPOINT WARNING * * *
The nagaraja constricts you.
The nagaraja gestures at you while chanting.
You feel a strange sense of stasis.
* * * LOW HITPOINT WARNING * * *
The nagaraja constricts you.
You slash the nagaraja!
The nagaraja is heavily wounded.
The nagaraja hits you but does no damage.
The nagaraja constricts you.
You slash the nagaraja!
The nagaraja is heavily wounded.
You completely miss the nagaraja.
The nagaraja is heavily wounded.
The nagaraja casts a spell at you. The poison arrow hits you!!
You are poisoned.
* * * LOW HITPOINT WARNING * * *
You die...

▓.▓.▓[▓.▓)▓)▓.▓.▓_
▓.▓.▓)▓.▓)▓.▓.▓.▓_
▓.▓.▓[▓.▓)▓.▓'▓.▓_
▓.▓.▓.▓.▓.▓.▓÷▓.▓_
▓.▓.▓.▓.▓)▓.▓.▓.▓_
▓)▓.▓.▓.▓.▓.▓.▓.▓_
▓)▓)▓.▓.▓.▓.▓.▓.▓_
▓(▓÷▓.▓.▓.▓.▓.▓.▓_
▓@▓.▓.▓.▓.▓.▓.▓.▓_
▓N▓.▓.▓.▓.▓.▓.▓.▓_
▓S▓.▓.▓.▓.▓.▓.▓.▓_
▓.▓.▓.▓.▓'▓.▓.▓.▓_
▓.▓.▓(▓.▓)▓.▓'▓.▓'
▓.▓.▓)▓.▓)▓.▓.▓.▓!
▓.▓.▓)▓.▓)▓.▓.▓.▓.
▓.▓)▓)▓.▓.▓.▓.▓.▓|
♣.▓(▓.▓.▓.▓.▓.▓)


You could see a nagaraja and a shock serpent.

Vanquished Creatures
  A stone giant (D)
  Azrael (D)
  An ettin (D)
  Erolcha (D)
  A naga warrior (D)
  A hydra (D)
  A rakshasa (D)
  A centaur warrior (D)
  A deep troll shaman (D)
  2 satyrs (D)
  A naga sharpshooter (D)
  A shock serpent (D)
  Urug (D)
  A skeletal warrior (D)
  2 wizards (D)
  A naga ritualist (D)
  4 orc knights (D)
  2 lindwurms (D)
  9 orc sorcerers (D)
  A harpy (D)
  A deep elf mage (D)
  An ugly thing (D)
  A wolf spider (D)
  A cyclops (D)
  A guardian serpent (D)
  A black mamba (D)
  A merfolk siren (D)
  A naga mage (D)
  Psyche (D)
  A rime drake (D)
  A spiny frog (D)
  2 demonic crawlers (D)
  A komodo dragon (D)
  A merfolk (D)
  3 wind drakes (D)
  6 jumping spiders (D)
  2 tyrant leeches (D)
  A blink frog (D)
  2 hippogriffs (D)
  A snapping turtle (D)
  A shadow (D)
  A vampire (D)
  2 yaks (D)
  A basilisk (D)
  A hungry ghost (D)
  3 fire elementals (D)
  2 soldier ants (D)
  A water moccasin (D)
  10 orc warriors (D)
  3 hell hounds (D)
  3 porcupines (D)
  An eye of draining (D)
  A wolf (D)
  A crocodile (D)
  4 bullfrogs (D)
  A killer bee (D)
  A crimson imp (D)
  2 orc priests (D)
  10 orc wizards (D)
  An iguana (D)
  An adder (D)
  An adder zombie (D)
  4 worms (D)
  8 orcs (D)
  A bat zombie (D)
  A giant cockroach (D)
  A hobgoblin (D)
  A jackal (D)
  A quokka (D)
  A frilled lizard (D)
  A kobold (D)
  A rat (D)
136 creatures vanquished.

Notes
Turn   | Place    | Note
-------+----------+-------------------------------------------
     0 | D        | Faca the Hill Orc Fighter began the quest for the Orb.
     0 | D        | Reached XP level 1. HP: 19/19 MP: 1/1
     5 | D        | Banished a spatial maelstrom
    11 | D        | Reached skill level 3 in Axes
    18 | D        | Reached skill level 4 in Axes
    29 | D        | Noticed a crimson imp
    40 | D        | Killed a crimson imp
    40 | D        | Reached skill level 6 in Axes
    40 | D        | Reached XP level 2. HP: 21/31 MP: 2/2
    40 | D        | Reached XP level 3. HP: 26/38 MP: 3/3
    42 | D        | Reached skill level 7 in Axes
    47 | D        | Reached XP level 4. HP: 33/47 MP: 4/4
   144 | D        | Found a roughly hewn altar of Beogh.
   144 | D        | Found a snail-covered altar of Cheibriados.
   144 | D        | Found a shadowy altar of Dithmenos.
   144 | D        | Found a white marble altar of Elyvilon.
   144 | D        | Found a blossoming altar of Fedhas.
   144 | D        | Found an opulent altar of Gozag.
   145 | D        | Found a hazy altar of Hepliaklqana.
   146 | D        | Found a viscous altar of Jiyva.
   147 | D        | Found an ancient bone altar of Kikubaaqudgha.
   148 | D        | Found a corrupted altar of Lugonu.
   149 | D        | Found a burning altar of Makhleb.
   150 | D        | Found a sparkling altar of Nemelex Xobeh.
   151 | D        | Found an iron altar of Okawaru.
   152 | D        | Found a stormy altar of Qazlal.
   153 | D        | Found a sacrificial altar of Ru.
   154 | D        | Found a shimmering blue altar of Sif Muna.
   155 | D        | Found a bloodstained altar of Trog.
   156 | D        | Found a hide-covered altar of Uskayaw.
   157 | D        | Found a radiant altar of Vehumet.
   158 | D        | Found an ornate altar of the Wu Jian Council.
   159 | D        | Found a shimmering altar of Xom.
   160 | D        | Found a basalt altar of Yredelemnul.
   161 | D        | Found a glowing silver altar of Zin.
   162 | D        | Found a glowing golden altar of the Shining One.
   170 | D        | Became a worshipper of the Shining One
   216 | D        | Noticed a bullfrog
   216 | D        | Noticed a hungry ghost
   216 | D        | Reached * piety under the Shining One
   216 | D        | Noticed an eye of draining
   221 | D        | Killed a bullfrog
   221 | D        | Reached skill level 9 in Axes
   221 | D        | Reached XP level 5. HP: 50/56 MP: 0/5
   225 | D        | Killed a hungry ghost
   225 | D        | Reached ** piety under the Shining One
   225 | D        | Reached skill level 10 in Fighting
   225 | D        | Reached skill level 11 in Axes
   225 | D        | Reached XP level 6. HP: 60/67 MP: 2/6
   237 | D        | Killed an eye of draining
   237 | D        | Reached skill level 12 in Axes
   273 | D        | Noticed a hippogriff
   273 | D        | Noticed a soldier ant
   273 | D        | Noticed a soldier ant
   273 | D        | Reached *** piety under the Shining One
   276 | D        | Killed a hippogriff
   276 | D        | Reached skill level 13 in Axes
   276 | D        | Reached XP level 7. HP: 60/78 MP: 5/7
   280 | D        | Killed a soldier ant
   280 | D        | Reached skill level 14 in Axes
   285 | D        | Killed a soldier ant
   549 | D        | Got the +9 whip "Owoxzubb" {flame, Dex+2}
   568 | D        | Noticed a yak
   568 | D        | Reached **** piety under the Shining One
   568 | D        | Noticed a komodo dragon
   570 | D        | Reached skill level 15 in Axes
   570 | D        | Reached XP level 8. HP: 89/89 MP: 8/8
   570 | D        | Noticed a rime drake
   575 | D        | Killed a yak
   578 | D        | Reached skill level 15 in Fighting
   578 | D        | Reached skill level 16 in Axes
   582 | D        | Killed a komodo dragon
   584 | D        | Killed a rime drake
   584 | D        | Reached skill level 17 in Axes
   584 | D        | Reached XP level 9. HP: 75/100 MP: 9/9
   722 | D        | Reached ***** piety under the Shining One
   722 | D        | Noticed a spiny frog
   723 | D        | Noticed a six-headed hydra
   734 | D        | Reached skill level 5 in Armour
   734 | D        | Reached skill level 5 in Shields
   743 | D        | Killed a six-headed hydra
   743 | D        | Reached skill level 18 in Axes
   743 | D        | Reached XP level 10. HP: 62/111 MP: 10/10
   746 | D        | Killed a spiny frog
   960 | D        | Noticed a lindwurm
   963 | D        | Reached ****** piety under the Shining One
   977 | D        | Killed a lindwurm
   978 | D        | Noticed a lindwurm
   986 | D        | HP: 1/111 [tyrant leech (12)]
  1268 | D        | Killed a lindwurm
  1268 | D        | Reached skill level 19 in Axes
  1343 | D        | Noticed Psyche
  1346 | D        | Killed Psyche
  1359 | D        | Noticed Erolcha
  1363 | D        | Killed Erolcha
  1398 | D        | Noticed an orc knight
  1417 | D        | Killed an orc knight
  1417 | D        | Reached skill level 10 in Armour
  1417 | D        | Reached skill level 10 in Shields
  1417 | D        | Reached XP level 11. HP: 83/121 MP: 11/11
  1579 | D        | Noticed an orc sorcerer
  1582 | D        | Noticed a sixfirhy
  1584 | D        | Killed an orc sorcerer
  1591 | D        | Noticed an orc knight
  1594 | D        | Noticed an orc knight
  1603 | D        | Killed an orc knight
  1611 | D        | Killed an orc knight
  1874 | D        | Found Jasigaip's Distillery.
  1874 | D        | Noticed an orc sorcerer
  1874 | D        | Noticed an orc sorcerer
  1875 | D        | Noticed an orc sorcerer
  1876 | D        | Noticed an orc sorcerer
  1880 | D        | Killed an orc sorcerer
  1886 | D        | Killed an orc sorcerer
  1887 | D        | Noticed an orc sorcerer
  1896 | D        | Killed an orc sorcerer
  1897 | D        | Found Gounk's Book Shoppe.
  1900 | D        | Killed an orc sorcerer
  1905 | D        | Killed an orc sorcerer
  1910 | D        | Found Vosufor's Distillery.
  1910 | D        | Noticed an orc sorcerer
  1912 | D        | Found Zousm's Book Shoppe.
  1914 | D        | Killed an orc sorcerer
  1916 | D        | Noticed an orc sorcerer
  1918 | D        | Noticed an orc sorcerer
  1921 | D        | Killed an orc sorcerer
  1929 | D        | Killed an orc sorcerer
  2311 | D        | Noticed a skeletal warrior
  2311 | D        | Noticed a centaur warrior
  2311 | D        | Noticed an orc knight
  2311 | D        | Noticed a deep elf mage
  2318 | D        | Noticed a cyclops
  2320 | D        | Killed a skeletal warrior
  2321 | D        | Noticed a green ugly thing
  2324 | D        | Killed a centaur warrior
  2324 | D        | Reached XP level 12. HP: 105/133 MP: 11/14
  2328 | D        | Noticed a deep troll shaman
  2335 | D        | Reached skill level 5 in Invocations
  2349 | D        | Killed a deep troll shaman
  2352 | D        | Noticed a rakshasa
  2357 | D        | Noticed an ettin
  2358 | D        | Paralysed by a wizard for 7 turns
  2363 | D        | Noticed a stone giant
  2364 | D        | Noticed an ettin
  2367 | D        | Reached skill level 20 in Axes
  2369 | D        | Killed a rakshasa
  2376 | D        | Killed a stone giant
  2379 | D        | Killed an ettin
  2634 | D        | Noticed Urug
  2641 | D        | Killed Urug
  2641 | D        | Reached skill level 15 in Armour
  2641 | D        | Reached skill level 15 in Shields
  2662 | D        | Noticed Azrael
  2678 | D        | Killed Azrael
  2678 | D        | Reached skill level 10 in Invocations
  2948 | D        | Reached skill level 21 in Axes
  2956 | D        | Reached XP level 13. HP: 138/139 MP: 21/21
  3435 | D        | Noticed a nagaraja
  3446 | D        | Reached skill level 22 in Axes
  3460 | D        | HP: 4/139 [nagaraja/poison arrow (25)]
  3460 | D        | Slain by a nagaraja

Levels and vault maps discovered:
D:        linesprint [early_d, line_temple, items_1, d_10, items_2, lair_1,
          lair_end, items_3, orc_1, orc_end, items_4, d_15, swamp_1, shoals_1,
          snake_1, spider_1, d_20, vaults_1, items_5, swamp_end, shoals_end,
          snake_end, spider_end, vaults_end, d_27, items_6, zot_1, zot_end,
          crypt_end, forest_end, elf_end, slime_end, tomb_end, abyss_end,
          pan_hell_end]

Skill      XL: |  1  2  3  4  5  6  7  8  9 10 11 12 13 |
---------------+----------------------------------------+-----
Axes           | 6 7 9 11 13 15 17 18 19 21 22 | 22.0
Fighting       | 6 7 8 10 12 14 16 17 18 20 | 20.1
Armour         | 6 10 13 15 16 | 16.7
Shields        | 6 10 13 15 16 | 16.7
Invocations    | 3 11 13 | 13.4

Action                   |  1- 3 |  4- 6 |  7- 9 | 10-12 | 13-15 || total
-------------------------+-------+-------+-------+-------+-------++-------
Melee: War axe           |    36 |       |       |       |       ||    36
       Broad axe         |       |    24 |    44 |   244 |    67 ||   379
       Whip              |       |       |     6 |       |       ||     6
Throw: Javelin           |       |       |       |       |     4 ||     4
Evoke: Wand              |       |       |       |       |     2 ||     2
  Use: Scroll            |       |       |       |     8 |       ||     8
       Potion            |       |       |       |     3 |     3 ||     6
  Eat: Chunk             |       |       |     2 |     3 |     2 ||     7
       Ration            |       |       |       |     1 |       ||     1
Armor: Scale mail        |    13 |     9 |    13 |    21 |       ||    56
       Plate armour      |       |       |       |    31 |    26 ||    57
Dodge: Dodged            |    11 |    10 |    10 |    20 |    15 ||    66
Block: Shield            |    14 |     9 |    20 |    75 |    31 ||   149

Table legend:
 A = Non-vault XP
 B = Vault XP
 C = Vault XP percentage of total XP
 D = Non-vault monster count
 E = Vault monster count
 F = Vault count percentage of total count
                 A         B        C        D         E       F
            +---------+---------+-------+---------+---------+-------
      Total |       0 |   42684 | 100.0 |       0 |     136 | 100.0
            +---------+---------+-------+---------+---------+-------
          D |       0 |   42684 | 100.0 |       0 |     136 | 100.0
            +---------+---------+-------+---------+---------+-------
